 Dungeon Crawl Stone Soup version 0.23.2-1-ga50397a (webtiles) character file.

Game seed: 1877746980691718570

611 shadizar the Skirmisher (level 7, -1/44 HPs)
             Began as a Gargoyle Fighter on May 13, 2019.
             Was an Initiate of the Shining One.
             Slain by a thrashing horror (7 damage)
             ... on level 2 of the Abyss.
             The game lasted 00:07:20 (4729 turns).

shadizar the Skirmisher (Gargoyle Fighter)          Turns: 4729, Time: 00:07:21

Health: -1/44      AC: 12    Str: 21    XL:     7   Next: 44%
Magic:  7/7        EV:  9    Int:  9    God:    the Shining One [......]
Gold:   138        SH:  9    Dex:  9    Spells: 6/6 levels left

rFire    . . .     SeeInvis .   a - +0 flail
rCold    . . .     Gourm    .   c - +0 shield
rNeg     + . .     Faith    .   b - +0 scale mail
rPois    ∞         Spirit   .   (no helmet)
rElec    +         Reflect  .   (no cloak)
rCorr    .         Harm     .   (no gloves)
MR       .....                  (no boots)
Stlth    ..........             (no amulet)
HPRegen  0.14/turn              (no ring)
MPRegen  0.10/turn              (no ring)

@: glowing
A: negative energy resistance 1, electricity resistance, unbreathing,
petrification resistance, rot immunity, AC +4
a: Renounce Religion


You were on level 2 of the Abyss.
You worshipped the Shining One.
The Shining One was noncommittal.
You were not hungry.

You visited 2 branches of the dungeon, and saw 7 of its levels.
You visited the Abyss 1 time.

You collected 138 gold pieces.

Inventory:

Hand Weapons
 a - a +0 flail (weapon)
Armour
 b - a +0 scale mail (worn)
 c - a +0 shield (worn)
 t - a +0 helmet
Jewellery
 e - a cursed -2 ring of evasion {unknown}
 l - an uncursed amulet of the acrobat {unknown}
 r - an uncursed ring of poison resistance {unknown}
 x - a cursed amulet of the gourmand {unknown}
Wands
 n - a wand of disintegration (10)
Scrolls
 g - 4 scrolls of identify {unknown}
 h - 4 scrolls of teleportation {unknown}
 j - a scroll of magic mapping {unknown}
 m - 2 scrolls of remove curse {unknown}
 q - a scroll of noise {unknown}
 v - 2 scrolls of fog {unknown}
 w - a scroll of enchant armour {unknown}
Potions
 d - a potion of might
 i - a potion of heal wounds {unknown}
 k - 2 potions of brilliance {unknown}
 o - a potion of haste
 p - 2 potions of curing {unknown}
 s - a potion of lignification {unknown}
 u - a potion of ambrosia {unknown}
Comestibles
 f - 4 rations
 z - 3 chunks of flesh


   Skills:
 + Level 5.0 Fighting
 + Level 3.9 Maces & Flails
 + Level 5.0 Armour
 + Level 2.6 Dodging
 + Level 5.0 Shields


You had 6 spell levels left.
You didn't know any spells.
Your spell library was empty.

Dungeon Overview and Level Annotations

Branches:
Dungeon (6/15)             Temple (1/1) D:6

Altars:
Ashenzari
Dithmenos
Elyvilon
Kikubaaqudgha
Makhleb
Nemelex Xobeh
Ru
Sif Muna
Vehumet
Wu Jian
Xom
Yredelemnul
Zin
The Shining One

Annotations:
D:3 1 runed translucent door, Crazy Yiuf, Dowan, Duvessa
D:4 Blork the orc
D:6 3 runed translucent doors, Terandir's ghost, novice MiFi


Innate Abilities, Weirdness & Mutations

You are resistant to torment.
Your stone body is resilient. (AC +4)
You are immune to poison.
You resist negative energy. (rN+)
You are resistant to electric shocks. (rElec)
You can survive without breathing.
You are immune to petrification.
You are immune to rotting.


Message History

The starspawn tentacle grabs you.
You stop ascending the stairs.
* * * LOW HITPOINT WARNING * * *
The starspawn tentacle constricts you.
The starspawn tentacle loses its grip on you.
The tentacle pulls you backwards!
Unknown command.
Unknown command.
Unknown command.
The starspawn tentacle barely misses you.
The thrashing horror barely misses you.
The thrashing horror tramples you but does no damage.
There is a gateway leading out of the Abyss here.
Unknown command.
Unknown command.
Unknown command.
The thrashing horror tramples you!
* * * LOW HITPOINT WARNING * * *
You stumble backwards!
You stop ascending the stairs.
The thrashing horror tramples you!
You die...

## .# ###.# ...####...##
#.. ..# ........#..# . #
. ..# #.......#.#.# # ..
.##... #..$XX@#.## ..
##.. #.....#ww─X.#
###..#..## .#...
#.──..###.#........
................ .......
........................
......##......##......##.
...... #?.....##. ....##.
...........∩...........
.......................≈


You could see a tentacled starspawn, 2 thrashing horrors and 2 starspawn
tentacles.

Vanquished Creatures
  A bullfrog (D:6)
  2 howler monkeys
  A crimson imp (D:6)
  3 hounds
  An orc priest (D:3)
  A bullfrog skeleton (D:5)
  Ijyb (D:5)
  Natasha (twice) (D:2)
  2 worker ants
  A hound skeleton (D:5)
  Robin (D:1)
  4 adders
  An ooze (D:5)
  3 worms
  A dart slug (D:2)
  3 leopard geckos
  8 orcs
  2 giant cockroaches
  17 goblins
  9 hobgoblins
  4 jackals
  5 kobolds
  3 quokkas
  A ball python (D:2)
  6 bats
  2 frilled lizards
  2 gnoll zombies (D:5)
  2 jackal zombies (D:5)
  3 rats (D:2)
92 creatures vanquished.

Notes
Turn   | Place    | Note
-------+----------+-------------------------------------------
     0 | D:1      | shadizar the Gargoyle Fighter began the quest for the Orb.
     0 | D:1      | Reached XP level 1. HP: 14/14 MP: 1/1
    92 | D:1      | Reached XP level 2. HP: 10/19 MP: 2/2
   841 | D:2      | Reached XP level 3. HP: 13/23 MP: 3/3
   885 | D:2      | Noticed Robin
  1293 | D:2      | Reached skill level 1 in Dodging
  1313 | D:2      | Found an ornate altar of the Wu Jian Council.
  1357 | D:2      | Reached XP level 4. HP: 28/29 MP: 4/4
  1408 | D:2      | Noticed Natasha
  1427 | D:2      | Killed Natasha
  1488 | D:1      | Killed Robin
  1634 | D:2      | Noticed Natasha
  1645 | D:2      | Killed Natasha
  1645 | D:2      | Reached XP level 5. HP: 25/33 MP: 5/5
  2059 | D:4      | Noticed Duvessa
  2064 | D:4      | Noticed Dowan
  2073 | D:5      | Entered Level 5 of the Dungeon
  2339 | D:5      | Noticed an ogre
  2824 | D:3      | Reached XP level 6. HP: 39/39 MP: 6/6
  2867 | D:3      | Found a runed translucent door.
  2868 | D:3      | Noticed Crazy Yiuf
  2891 | D:3      | Found an ancient bone altar of Kikubaaqudgha.
  3129 | D:4      | Noticed Blork the orc
  3208 | D:4      | You fall through a shaft for 2 floors!
  3318 | D:5      | Reached XP level 7. HP: 37/44 MP: 7/7
  3374 | D:5      | Noticed Ijyb
  3758 | D:5      | Found a basalt altar of Yredelemnul.
  3795 | D:5      | You fall through a shaft!
  3822 | D:6      | Found a runed translucent gate.
  3822 | D:6      | Noticed a tengu conjurer
  3826 | D:6      | Noticed Terandir's ghost (novice MiFi)
  3827 | D:6      | Found a runed translucent gate.
  3827 | D:6      | Found a runed translucent gate.
  3851 | D:6      | Found a staircase to the Ecumenical Temple.
  3862 | Temple   | Entered the Ecumenical Temple
  4008 | Temple   | Became a worshipper of the Shining One
  4163 | D:5      | Killed Ijyb
  4163 | D:5      | Reached skill level 5 in Fighting
  4229 | D:5      | Reached skill level 5 in Armour
  4229 | D:5      | Reached skill level 5 in Shields
  4699 | D:4      | Cast into level 2 of the Abyss (Blork the orc)
  4700 | Abyss:2  | Noticed a tentacled starspawn
  4725 | Abyss:2  | Noticed a thrashing horror
  4726 | Abyss:2  | Noticed a thrashing horror
  4729 | Abyss:2  | Slain by a thrashing horror

Skill      XL: |  1  2  3  4  5  6  7 |
---------------+----------------------+-----
Dodging        | 1 2 |  2.6
Fighting       | 4 5 |  5.0
Armour         | 4 5 |  5.0
Shields        | 4 5 |  5.0
Maces & Flails | 3 |  3.9

Action                   |  1- 3 |  4- 6 |  7- 9 || total
-------------------------+-------+-------+-------++-------
Melee: Flail             |   127 |   232 |    62 ||   421
       Unarmed           |       |       |    35 ||    35
  Eat: Chunk             |     2 |     3 |     5 ||    10
       Ration            |       |     1 |       ||     1
Armor: Scale mail        |    84 |   126 |    44 ||   254
Dodge: Dodged            |    54 |    89 |    59 ||   202
Block: Shield            |    85 |   134 |    49 ||   268
